 Dungeon Crawl Stone Soup version 0.19-a0-1207-g69d5fc3 (webtiles) character file.

30 PurpleRed the Magician (level 3, -2/19 HPs)
             Began as a Deep Elf Fire Elementalist on Aug 21, 2016.
             Slain by a giant frog (8 damage)
             ... on level 4 of the Dungeon.
             The game lasted 00:04:37 (480 turns).

PurpleRed the Magician (Deep Elf Fire Elementalist)  Turns: 480, Time: 00:04:38

Health: -2/19      AC:  2    Str:  5    XL:     3   Next: 5%
Magic:  7/10       EV: 13    Int: 20    God:
Gold:   19         SH:  0    Dex: 15    Spells: 3 memorised, 3 levels left

rFire  . . .     SeeInvis .     m - +1 trident (freeze)
rCold  . . .     Gourm    .     a - +0 robe
rNeg   . . .     Faith    .     (no shield)
rPois  .         Spirit   .     (no helmet)
rElec  .         Dismiss  .     (no cloak)
rCorr  .         Reflect  .     (no gloves)
MR     .....     Harm     .     (no boots)
Stlth  ++........               (no amulet)
                                (no ring)
                                (no ring)

@: no status effects
A: no striking features
a: no special abilities


You were on level 4 of the Dungeon.
You were not hungry.

You visited 1 branch of the dungeon, and saw 4 of its levels.

You collected 19 gold pieces.

Inventory:

Hand Weapons
 g - a +0 club
 h - a +0 short sword
 m - a +1 trident of freezing (weapon)
Armour
 a - a +0 robe (worn)
Scrolls
 e - 2 scrolls of identify
 f - 3 scrolls of immolation {unknown}
 i - a scroll of enchant weapon {unknown}
 k - 2 scrolls of fear {unknown}
 l - a scroll of noise {unknown}
 o - 2 scrolls of recharging {unknown}
Potions
 d - a potion of brilliance
 n - a potion of agility
Books
 b - a book of Flames

   Spells                             Type                      Level
   a - Flame Tongue                   Conjuration/Fire             1
   b - Throw Flame                    Conjuration/Fire             2
   c - Conjure Flame                  Conjuration/Fire             3
   d - Inner Flame                    Hexes/Fire                   3
   e - Sticky Flame                   Conjuration/Fire             4
   f - Fireball                       Conjuration/Fire             5
Comestibles
 c - 2 bread rations
 j - a meat ration


   Skills:
 - Level 2.4 Dodging
 - Level 2.4 Stealth
 + Level 3.8 Spellcasting
 * Level 2.6 Conjurations
 - Level 3.2 Fire Magic


You had 3 spell levels left.
You knew the following spells:

 Your Spells              Type           Power        Failure   Level  Hunger
a - Flame Tongue          Conj/Fire      ###..        4%          1    None
b - Throw Flame           Conj/Fire      ###...       10%         2    ##.....
c - Conjure Flame         Conj/Fire      ###.....     14%         3    ###....


Dungeon Overview and Level Annotations

Branches:
Dungeon (4/15)
 Temple: D:4-7

Altars:

Annotations:
D:2 Sigmund


Message History

You see here 2 scrolls labeled EWKAILUCOS.
o - 2 scrolls labeled EWKAILUCOS Memorise Conjure Flame, consuming 3 spell levels and leaving 3?
You start memorising the spell.
You continue memorising. x3
You finish memorising.
Spell assigned to 'c'.
A crimson imp comes into view.
The giant frog croaks.
Casting: Flame Tongue
Confirm with . or Enter, or press ? or * to list all spells.
Aiming: Conjure Flame
Press: ? - help, Dir - move target cursor The fire roars!
Attack whom?
Press: ? - help, Dir - move target cursor, f - giant frog
Aim: a giant frog (flame)
Okay, then.
You barely miss the giant frog.
The giant frog is engulfed in roaring flames.
The giant frog hits you!
You die...

#.# .# #.# ..#
#.# ##..##.
#<###.......
#####.....#..###
#................
#.#######..#..##
.#######..# .
...5...F@)#
.#######..# ...#
##..# #... #.<#.
#..... #... .#


You could see a giant frog and a crimson imp.

Vanquished Creatures
  A worm (D:3)
  A dart slug (D:3)
  4 orcs (D:3)
  2 giant cockroaches
  A hobgoblin (D:1)
  A quokka (D:1)
  2 bats
  3 goblins
  3 kobolds
  5 rats
23 creatures vanquished.

Notes
Turn   | Place    | Note
-------+----------+-------------------------------------------
     0 | D:1      | PurpleRed the Deep Elf Fire Elementalist began the quest for the Orb.
     0 | D:1      | Reached XP level 1. HP: 10/10 MP: 6/6
    97 | D:1      | Reached XP level 2. HP: 10/15 MP: 0/8
   166 | D:2      | Noticed Sigmund
   194 | D:2      | Learned a level 2 spell: Throw Flame
   410 | D:3      | Reached XP level 3. HP: 6/19 MP: 10/10
   464 | D:4      | Noticed a giant frog
   473 | D:4      | Learned a level 3 spell: Conjure Flame
   480 | D:4      | Slain by a giant frog

Vault maps used:
D:1:      onia_arrival_larder, minmay_pentomino_w2
D:2:      wad_river_or_something, uniq_robin, uniq_sigmund
D:4:      portal_sewer_entry_d, uniq_menkaure

Skill      XL: |  1 |
---------------+----+-----
Conjurations   | 2 |  2.6
Dodging        | |  2.4
Stealth        | |  2.4
Spellcasting   | |  3.8
Fire Magic     | |  3.2

Action                   || total
-------------------------++-------
Melee: Short sword       ||     4
       Unarmed           ||     1
       Trident           ||    26
 Cast: Flame Tongue      ||    25
       Conjure Flame     ||     1
  Use: Scroll            ||     2
 Stab: Sleeping          ||     1
Armor: Robe              ||     6
Dodge: Dodged            ||    22
